 Dungeon Crawl Stone Soup version 0.14-a0-2052-gb76ddfe (webtiles) character file.

171 Faustar the Vexing (level 5, -16/35 HPs)
             Began as a Formicid Enchanter on Jan 20, 2014.
             Demolished by an ogre
             ... wielding a +0,+0 giant club
              (20 damage)
             ... on Level 3 of the Dungeon.
             The game lasted 00:08:33 (2465 turns).

Faustar the Vexing (Formicid Enchanter)             Turns: 2465, Time: 00:08:33

HP -16/35        AC  6     Str 14      XL: 5   Next:  0%
MP   9/9         EV  9     Int 14      God:
Gold 90          SH  0     Dex 11      Spells:  1 memorised,  7 levels left

rFire  . . .     SeeInvis +     t - +1,+0 elf long sword
rCold  . . .     Clarity  .     a - +0 ring mail
rNeg   . . .     Conserve .     (no shield)
rPois  x         rCorr    .     (helmet unavailable)
rElec  .         rRot     .     (no cloak)
SustAb . .       Spirit   .     (no gloves)
rMut   .         Warding  .     (no boots)
Saprov . . .     Stasis   +     (no amulet)
MR     .....                    (no ring)
                                (no ring)

@: not resistant to hostile enchantments, unstealthy
A: permanent stasis, dig shafts and tunnels, four strong arms, poison weakness,
antennae 3, exoskeleton 1
a: Dig, Shaft Self


You were on level 3 of the Dungeon.
You were not hungry.

You visited 1 branch of the dungeon, and saw 3 of its levels.

You collected 90 gold pieces.

Inventory:

Hand weapons
 t - a +1,+0 elven long sword (weapon)
Missiles
 d - 12 darts (quivered)
Armour
 a - a +0 ring mail (worn)
Comestibles
 f - a chunk of rat flesh
 j - a meat ration
 n - a chunk of hobgoblin flesh
 r - a rotting chunk of goblin flesh
 s - a rotting chunk of quokka flesh
 w - a bread ration
Scrolls
 e - 2 scrolls of identify {unknown}
 h - a scroll of curse armour {unknown}
 k - a scroll of recharging {unknown}
 l - 2 scrolls of teleportation {unknown}
 p - 2 scrolls of curse jewellery {unknown}
 q - a scroll of enchant weapon I {unknown}
Jewellery
 v - an uncursed ring of wizardry {unknown}
Potions
 b - a potion of heal wounds {unknown}
 g - 2 potions of might {unknown}
 i - a potion of invisibility {unknown}
 m - 2 potions of confusion {unknown}
 o - 3 potions of curing {unknown}
 u - a potion of magic {unknown}
Books
 c - a book of Maledictions

   Spells                             Type                      Level
   *Corona                            Hexes                        1
   Sure Blade                         Hexes/Charms                 2
   Ensorcelled Hibernation            Hexes/Ice                    2
   Confuse                            Hexes                        3
   Enslavement                        Hexes                        4
   Invisibility                       Hexes                        6


   Skills:
 - Level 2.7 Fighting
   Level 1.1 Short Blades
 + Level 1.1 Long Blades
 - Level 0.7 Throwing
 - Level 2.7 Armour
 - Level 1.7 Dodging
 - Level 2.4 Stealth
 - Level 2.1 Spellcasting
 - Level 3.6 Hexes


You had 7 spell levels left.
You knew the following spells:

 Your Spells              Type           Power        Failure   Level  Hunger
a - Corona                Hex            ##.....      10%         1    #......


Dungeon Overview and Level Annotations

Branches:
Dungeon (3/16)

Altars:


Innate Abilities, Weirdness & Mutations

Your are under a permanent stasis effect.
You can dig through walls and to a lower floor.
Your four strong arms can wield any weapon, most with a shield.
You are susceptible to poison.
You have a pair of large antennae on your head (SInv).
Your body is surrounded by an exoskeleton. (AC +1)


Message History

You have reached level 5!
You slash the ogre!
The ogre is moderately wounded.
The ogre barely misses you.
You slash the ogre!
The ogre is almost dead.
The ogre completely misses you.
You hit the ogre but do no damage.
The ogre is almost dead.
The ogre hits you with a giant club!
Ouch! That really hurt!
* * * LOW HITPOINT WARNING * * *
You completely miss the ogre.
The ogre is almost dead.
The ogre hits you but does no damage.
You hit the ogre.
The ogre is almost dead.
The ogre hits you with a giant club!
Ouch! That really hurt!
You die...

..######..###
..........#
######.###.##
#.# #.# #.#
#.# #.# #.#
#O##.# #.#
#.#.# #.#
##O.###.#
#@......#
#.##.#####
#.....#
#.#.####
..... ###.##


You could see an ogre.

Vanquished Creatures
  4 adders (D:2)
  A giant gecko (D:1)
  An ooze (D:2)
  3 giant cockroaches
  4 goblins
  5 hobgoblins
  2 quokkas
  3 bats (D:1)
  4 giant newts
  4 jackals (D:1)
  6 kobolds
  8 rats
45 creatures vanquished.

Notes
Turn   | Place    | Note
--------------------------------------------------------------
     0 | D:1      | Faustar, the Formicid Enchanter, began the quest for the Orb.
     0 | D:1      | Reached XP level 1. HP: 11/11 MP: 3/3
    51 | D:1      | Reached skill level 1 in Fighting
    51 | D:1      | Reached XP level 2. HP: 6/18 MP: 4/4
   159 | D:1      | Reached skill level 1 in Armour
   557 | D:1      | Reached XP level 3. HP: 2/23 MP: 6/6
  1363 | D:2      | Reached XP level 4. HP: 22/29 MP: 7/7
  2282 | D:3      | Noticed an ogre
  2459 | D:3      | Reached skill level 1 in Long Blades
  2459 | D:3      | Reached XP level 5. HP: 31/35 MP: 9/9
  2465 | D:3      | Demolished by an ogre

Action                   |  1- 3 |  4- 6 || total
-------------------------+-------+-------++-------
Melee: Dagger            |    92 |       ||    92
       Short sword       |    45 |    87 ||   132
       Long sword        |       |    25 ||    25
 Cast: Corona            |     1 |       ||     1
 Stab: Sleeping          |     1 |     1 ||     2
